 Dungeon Crawl Stone Soup version 0.32-a0-127-gb477333 (webtiles) character file.

Game seed: 7362718251842264980

3254142 jagoly the Oni-At-Arms (level 27, 300/300 HPs)
             Began as an Oni Gladiator on Feb 6, 2024.
             Was a Believer of Okawaru.
             Escaped with the Orb
             ... and 5 runes
             ... and 1 gem (intact) on Feb 7, 2024!
             The game lasted 05:48:46 (70998 turns).

jagoly the Oni-At-Arms (Oni Gladiator)             Turns: 70998, Time: 05:48:46

Health: 300/300    AC: 45    Str: 41    XL:     27
Magic:  21/47      EV: 14    Int:  8    God:    Okawaru [**....]
Gold:   4188       SH: 31    Dex: 15    Spells: 26/26 levels left

rFire   + . .        a - +7 broad axe "Comeet" {heavy, Str+3 Dex+4}
rCold   + . .        U - +6 tower shield
rNeg    + . .        j - +12 gold dragon scales
rPois   +            i - +0 mask of the Dragon {Will+ Slay+3 SInv}
rElec   +            y - +4 dragonskin cloak
rCorr   +            (gloves unavailable)
SInv    +            (boots unavailable)
Will    ++++.        g - amulet of regeneration Stlth
                     A - ring "Piedoics" {rElec rN+}
HPRegen 1.50/turn    V - ring "Xagasysm" {rPois Will+ rCorr MP+9}
MPRegen 0.30/turn

%: no passive effects
@: heroic, finesse-ful
A: large, unfitting armour, horns 1, tough skin 1, double potion healing,
drunken brawling, strong 1, sturdy frame 1
0: Orb of Zot
}: 5/15 runes: barnacled, slimy, silver, abyssal, gossamer
a: Renounce Religion, Heroism


You escaped.
You worshipped Okawaru.
Okawaru was pleased with you.
You visited 12 branches of the dungeon, and saw 56 of its levels.
You visited the Abyss 1 time.
You visited 3 bazaars.
You also visited: Ice Cave and Volcano.

You collected 10672 gold pieces.
You spent 6484 gold pieces at shops.

Inventory:

Hand Weapons
 a - the +7 broad axe "Comeet" (weapon) {heavy, Str+3 Dex+4}
   (Okawaru gifted it to you on level 11 of the Dungeon)

   Str+3:     It affects your strength (+3).
   Dex+4:     It affects your dexterity (+4).
 b - a +9 vampiric broad axe
 w - the +0 broad axe of the Muttering Moth {antimagic, rElec SInv Stlth-}
   (You took it off a deep elf sorcerer on level 3 of the Elven Halls)

   rElec:     It insulates you from electricity.
   SInv:      It lets you see invisible.
   Stlth-:    It makes you less stealthy.
Missiles
 d - 4 throwing nets
 e - 19 curare-tipped darts
 f - 30 boomerangs (quivered)
 q - 16 silver javelins
 r - 29 javelins
 x - 6 darts of dispersal
 F - 151 large rocks
Armour
 i - the +0 mask of the Dragon (worn) {Will+ Slay+3 SInv}
   (You found it on level 5 of the Pits of Slime)

   Slay+3:    It affects your accuracy & damage with ranged weapons and melee
   (+3).
   Will+:     It increases your willpower.
   SInv:      It lets you see invisible.
 j - +12 gold dragon scales (worn)
 y - the +4 dragonskin cloak (worn)
   (You took it off Tiamat on level 4 of the Realm of Zot)

   Avatar's Aegis: It grants the wearer a chance to resist fire, cold, poison,
   electricity, acid, and negative energy.
 M - the +2 hat of the Bear Spirit {Spirit, Bear, *Rage Will++}
   (You bought it in a shop on level 2 of the Orcish Mines)

   Bear:      Going berserk makes the wearer exceptionally tough, and they are
   slowed for a shorter time afterward.
   Will++:    It greatly increases your willpower.
   *Rage:     It berserks you when you make melee attacks (+20% chance).
 U - a +6 tower shield (worn)
Jewellery
 g - an amulet of regeneration (around neck)
 k - the ring "Ugouboet" {Wiz rF++}
   (You bought it in a shop on level 6 of the Dungeon)

   [ring of wizardry]

   Wiz:       It improves your spell success rate.
   rF++:      It greatly protects you from fire.
 t - the ring "Locexahe" {rPois rC+}
   (You took it off a frost giant on level 2 of the Depths)

   [ring of poison resistance]

   rC+:       It protects you from cold.
   rPois:     It protects you from poison
 A - the ring "Piedoics" (left hand) {rElec rN+}
   (You found it in an ice cave)

   [ring of positive energy]

   rElec:     It insulates you from electricity.
   rN+:       It protects you from negative energy.
 B - the ring of Kuim {Fly Dex+4}
   (You took it off an ironbound convoker on level 5 of the Vaults)

   [ring of flight]

   Dex+4:     It affects your dexterity (+4).
   Fly:       It grants you flight.
 H - the ring of Stoicism {rN+ Int+3 Stlth+}
   (You acquired it on level 5 of the Vaults)

   [ring of positive energy]

   Int+3:     It affects your intelligence (+3).
   rN+:       It protects you from negative energy.
   Stlth+:    It makes you more stealthy.
 J - the ring of the Past {rElec rPois Str+4 Slay+4}
   (You found it on level 4 of the Realm of Zot)

   [ring of slaying]

   Str+4:     It affects your strength (+4).
   Slay+4:    It affects your accuracy & damage with ranged weapons and melee
   (+4).
   rElec:     It insulates you from electricity.
   rPois:     It protects you from poison
 V - the ring "Xagasysm" (right hand) {rPois Will+ rCorr MP+9}
   (You took it off a hell knight on level 14 of the Dungeon)

   [ring of magical power]

   rPois:     It protects you from poison Will+: It increases your willpower.
   MP+9:      It affects your magic capacity (+9).
   rCorr:     It protects you from acid and corrosion.
Wands
 m - a wand of roots (33)
 K - a wand of acid (39)
 S - a wand of digging (20)
Scrolls
 s - 7 scrolls of blinking
 v - 12 scrolls of fear
 C - 11 scrolls of fog
 D - 26 scrolls of teleportation
 E - 9 scrolls of poison
 G - a scroll of enchant weapon
 N - 4 scrolls of silence
 O - 10 scrolls of immolation
 X - a scroll of revelation
 Y - 7 scrolls of vulnerability
Potions
 h - 15 potions of heal wounds
 l - 16 potions of curing
 n - 3 potions of invisibility
 o - 6 potions of mutation
 p - 13 potions of haste
 u - 2 potions of cancellation
 z - 6 potions of might
 L - 3 potions of enlightenment
 P - 2 potions of resistance
 Q - 2 potions of berserk rage
 T - 10 potions of ambrosia
 W - 2 potions of magic
 Z - 8 potions of attraction
Miscellaneous
 c - a condenser vane
 I - a lightning rod (4/4)
 R - a phial of floods


   Skills:
 - Level 22.0(27) Fighting
 - Level 22.0(27) Axes
 - Level 22.0(27) Throwing
 + Level 21.2(26.2) Armour
 - Level 12.0(17.0) Dodging
 - Level 2.0(7.0) Stealth
 + Level 21.2(26.2) Shields
 - Level 22.0 Invocations
 - Level 8.0 Evocations


You had 26 spell levels left.
You didn't know any spells.
Your spell library contained the following spells:

 Spells                   Type           Power      Damage    Failure   Level
 Apportation              Tloc           0%         N/A       78%         1
 Freeze                   Ice            0%         1d3       78%         1
 Kiss of Death            Conj/Necr      0%         2d5       78%         1
 Magic Dart               Conj           0%         1d3       78%         1
 Necrotise                Necr           0%         1d4       78%         1
 Sandblast                Erth           0%         2d4       78%         1
 Shock                    Conj/Air       0%         1d3       78%         1
 Sting                    Conj/Alch      0%         1d3       78%         1
 Blink                    Tloc           0%         N/A       89%         2
 Cigotuvi's Dreadful Rot  Necr/Alch/Air  0%         N/A       89%         2
 Jinxbite                 Hex            0%         N/A       89%         2
 Lesser Beckoning         Tloc           0%         N/A       89%         2
 Mercury Vapours          Alch/Air       0%         N/A       89%         2
 Momentum Strike          Conj/Tloc      0%         3d8       89%         2
 Sublimation of Blood     Necr           0%         N/A       89%         2
 Confusing Touch          Hex            0%         N/A       98%         3
 Dazzling Flash           Conj/Hex       0%         N/A       98%         3
 Frozen Ramparts          Ice            0%         1d1       98%         3
 Gell's Gravitas          Tloc           0%         N/A       98%         3
 Hailstorm                Conj/Ice       0%         3d5       98%         3
 Inner Flame              Hex/Fire       0%         N/A       98%         3
 Mephitic Cloud           Conj/Alch/Air  0%         N/A       98%         3
 Passwall                 Erth           0%         N/A       98%         3
 Sigil of Binding         Hex            0%         N/A       98%         3
 Stone Arrow              Conj/Erth      0%         3d7       98%         3
 Teleport Other           Tloc           0%         N/A       98%         3
 Volatile Blastmotes      Fire/Tloc      0%         2d10      98%         3
 Airstrike                Air            0%         2d(0-16)  100%        4
 Anguish                  Hex/Necr       0%         N/A       100%        4
 Brom's Barrelling Bould  Conj/Erth      0%         2d3       100%        4
 Cause Fear               Hex            0%         N/A       100%        4
 Dimensional Bullseye     Hex/Tloc       0%         N/A       100%        4
 Dispel Undead            Necr           0%         3d6       100%        4
 Flame Wave               Conj/Fire      0%         2d4       100%        4
 Fulminant Prism          Conj/Alch      0%         3d5       100%        4
 Ignite Poison            Fire/Alch      0%         N/A       100%        4
 Iskenderun's Mystic Bla  Conj/Tloc      0%         2d3       100%        4
 Leda's Liquefaction      Alch/Erth      0%         N/A       100%        4
 Sticky Flame             Fire/Alch      0%         2d4       100%        4
 Alistair's Intoxication  Alch           0%         N/A       100%        5
 Arcjolt                  Conj/Air       0%         1d10      100%        5
 Borgnjor's Vile Clutch   Necr/Erth      0%         N/A       100%        5
 Curse of Agony           Necr           0%         N/A       100%        5
 Fireball                 Conj/Fire      0%         3d3       100%        5
 Irradiate                Conj/Alch      0%         3d11      100%        5
 Lee's Rapid Deconstruct  Erth           0%         3d4*      100%        5
 Metabolic Englaciation   Hex/Ice        0%         N/A       100%        5
 Silence                  Hex/Air        0%         N/A       100%        5
 Yara's Violent Unravell  Hex/Alch       0%         3d3       100%        5
 Bombard                  Conj/Erth      0%         9d1       100%        6
 Conjure Ball Lightning   Conj/Air       0%         3x3d6     100%        6
 Dispersal                Tloc           0%         N/A       100%        6
 Eringya's Noxious Bog    Alch           0%         4d6       100%        6
 Plasma Beam              Fire/Air       0%         2x1d10    100%        6
 Starburst                Conj/Fire      0%         6d3       100%        6
 Enfeeble                 Hex            0%         N/A       100%        7
 Orb of Destruction       Conj           0%         9d5       100%        7
 Discord                  Hex            0%         N/A       100%        8
 Disjunction              Tloc           0%         N/A       100%        8
 Ignition                 Fire           0%         3d3       100%        8
 Maxwell's Capacitive Co  Air            0%         ∞         100%        8
 Chain Lightning          Conj/Air       0%         N/A       100%        9
 Fire Storm               Conj/Fire      0%         5d1       100%        9
 Shatter                  Erth           0%         3d5*      100%        9
 Call Imp                 Summ           Unusable   N/A       N/A         2
 Call Canine Familiar     Summ           Unusable   N/A       N/A         3
 Martyr's Knell           Necr/Summ      Unusable   N/A       N/A         4
 Summon Blazeheart Golem  Fire/Summ      Unusable   N/A       N/A         4
 Death Channel            Necr           Unusable   N/A       N/A         6
 Sculpt Simulacrum        Ice/Alch       Unusable   N/A       N/A         6
 Spellforged Servitor     Conj/Summ      Unusable   N/A       N/A         7
 Summon Hydra             Summ           Unusable   N/A       N/A         7
 Dragon's Call            Summ           Unusable   N/A       N/A         9

Dungeon Overview and Level Annotations

Branches:
Dungeon (15/15)            Temple (1/1) D:4            Lair (5/5) D:11
 Shoals (4/4) Lair:2       Spider (4/4) Lair:3        Slime (5/5) Lair:5
    Orc (2/2) D:11            Elf (3/3) Orc:2        Vaults (5/5) D:14
  Crypt (3/3) Vaults:3       Tomb (0/3) Crypt:3      Depths (4/4) D:15
    Zot (5/5) Depths:4      IceCv (visited)         Volcano (visited)

Altars:
Ashenzari
Cheibriados
Dithmenos
Elyvilon
Fedhas
Gozag
Hepliaklqana
Kikubaaqudgha
Makhleb
Nemelex Xobeh
Okawaru
Qazlal
Ru
Sif Muna
Trog
Uskayaw
Vehumet
Wu Jian
Xom
Yredelemnul
Zin
The Shining One
Jiyva
Lugonu

Shops:
D:1 :   D:6 =   D:14 [   D:15 [   Orc:2 [[*   Elf:1 ::??   Shoals:1 (
Shoals:2 :?   Vaults:1 *   Vaults:2 *   Depths:2 =**

Portals:
Hell: Lair:5 Depths:1 Depths:2 Depths:3 Depths:4
Abyss: Depths:1 Depths:3 Depths:4
Pandemonium: Depths:2 Depths:3
Ziggurat: Depths:2

Annotations:
Elf:2 3 runed translucent doors


Innate Abilities, Weirdness & Mutations

You are too large for most types of armour.
You have a pair of small horns on your head.
You have tough skin. (AC +1)
You gain doubled healing and magic from potions.
Whenever you drink a healing potion, you attack all around you.
Your muscles are strong. (Str +4, Int/Dex -1)
Your movements are slightly less encumbered by armour. (ER -2)


Message History

You barely miss the Orb Guardian. Your headbutt misses the Orb Guardian.
The Orb Guardian is moderately wounded.
You block the Orb Guardian's attack.
You slice the Orb Guardian!! You headbutt the Orb Guardian.
The Orb Guardian is severely wounded.
The Orb Guardian hits you but does no damage.
The Orb Guardian hits you!
You cut the Orb Guardian into ribbons!!!
You kill the Orb Guardian!
Okawaru accepts your kill.
The Orb Guardian hits you but does no damage.
You slash the Orb Guardian! You headbutt the Orb Guardian.
The Orb Guardian is moderately wounded.
You block the Orb Guardian's attack.
You closely miss the Orb Guardian.
The Orb Guardian is moderately wounded.
You block the Orb Guardian's attack. The Orb Guardian hits you!
You barely miss the Orb Guardian.
The Orb Guardian is lightly wounded.
You block the Orb Guardian's attack.
You chop the Orb Guardian into pieces!!!
You headbutt the Orb Guardian!
The Orb Guardian is severely wounded.
You block the Orb Guardian's attack. The Orb Guardian completely misses you.
You slice the Orb Guardian!!
You kill the Orb Guardian!
Okawaru accepts your kill.
No target in view!
No target in view!
An Orb Guardian comes into view.
An Orb Guardian comes into view.
You slash the Orb Guardian! You headbutt the Orb Guardian!
The Orb Guardian is lightly wounded.
You block the Orb Guardian's attack.
You slice the Orb Guardian!! You headbutt the Orb Guardian!
The Orb Guardian is severely wounded.
The Orb Guardian disappears!
You block the Orb Guardian's attack. The Orb Guardian hits you.
You hit the Orb Guardian but do no damage.
The Orb Guardian is severely wounded.
You block the Orb Guardian's attack. x3
You cut the Orb Guardian into ribbons!!!
You kill the Orb Guardian!
Okawaru accepts your kill.
You hit the Orb Guardian but do no damage.
An Orb Guardian comes into view.
The Orb Guardian hits you.
You completely miss the Orb Guardian. The Orb Guardian hits you! x2
You completely miss the Orb Guardian. Your headbutt misses the Orb Guardian.
The Orb Guardian hits you but does no damage.
You slice the Orb Guardian!! Your headbutt misses the Orb Guardian.
The Orb Guardian is moderately wounded.
You slice the Orb Guardian!! You block the Orb Guardian's attack. x3
You open the Orb Guardian like a pillowcase!!!
You kill the Orb Guardian!
Okawaru accepts your kill.
You slice the Orb Guardian like a ripe choko!!!
You kill the Orb Guardian!
Okawaru accepts your kill.
Your Armour skill increases to level 21!
Your Shields skill increases to level 21!
No target in view!
No target in view!
Found a dagger.
Found the Orb of Zot.
An Orb Guardian comes into view.
An Orb Guardian is nearby!
You closely miss the Orb Guardian.
You headbutt the Orb Guardian, but do no damage.
You block the Orb Guardian's attack.
You slice the Orb Guardian!! Your headbutt misses the Orb Guardian.
The Orb Guardian is moderately wounded.
You block the Orb Guardian's attack. x2
You slice the Orb Guardian!! You headbutt the Orb Guardian!
The Orb Guardian is severely wounded.
An Orb Guardian comes into view.
The Orb Guardian hits you but does no damage.
You slice the Orb Guardian!!
The Orb Guardian is almost dead.
An Orb Guardian comes into view.
You block the Orb Guardian's attack. x2
You open the Orb Guardian like a pillowcase!!!
You kill the Orb Guardian!
Okawaru accepts your kill.
You barely miss the Orb Guardian. You headbutt the Orb Guardian.
The Orb Guardian is lightly wounded.
You block the Orb Guardian's attack. The Orb Guardian barely misses you.
You open the Orb Guardian like a pillowcase!!!
You headbutt the Orb Guardian!
The Orb Guardian is severely wounded.
You slash the Orb Guardian! You block the Orb Guardian's attack. x3
You cut the Orb Guardian into ribbons!!!
You kill the Orb Guardian!
Okawaru accepts your kill.
You miss the Orb Guardian. You block the Orb Guardian's attack. x2
You hit the Orb Guardian.
The Orb Guardian is lightly wounded.
You block the Orb Guardian's attack.
An Orb Guardian comes into view.
You completely miss the Orb Guardian. You headbutt the Orb Guardian.
The Orb Guardian is lightly wounded.
You block the Orb Guardian's attack. The Orb Guardian misses you.
You miss the Orb Guardian.
You headbutt the Orb Guardian, but do no damage.
The Orb Guardian is lightly wounded.
You block the Orb Guardian's attack. x2
You chop the Orb Guardian into pieces!!!
Your headbutt misses the Orb Guardian.
The Orb Guardian is severely wounded.
You block the Orb Guardian's attack.
The Orb Guardian hits you but does no damage.
You miss the Orb Guardian.
The Orb Guardian is severely wounded.
You barely miss the Orb Guardian. You block the Orb Guardian's attack. x3
An Orb Guardian comes into view.
You hit the Orb Guardian. Your headbutt misses the Orb Guardian.
The Orb Guardian is severely wounded.
You miss the Orb Guardian. You block the Orb Guardian's attack. x3
You closely miss the Orb Guardian.
You headbutt the Orb Guardian, but do no damage.
The Orb Guardian is severely wounded.
You slash the Orb Guardian! You block the Orb Guardian's attack.
The Orb Guardian hits you but does no damage. x2
You slice the Orb Guardian like a ripe choko!!!
You kill the Orb Guardian!
Okawaru accepts your kill.
You slice the Orb Guardian!! You block the Orb Guardian's attack.
The Orb Guardian hits you but does no damage.
You slice the Orb Guardian!!
The Orb Guardian is heavily wounded.
You block the Orb Guardian's attack.
You open the Orb Guardian like a pillowcase!!!
You kill the Orb Guardian!
Okawaru accepts your kill.
You slash the Orb Guardian! You block the Orb Guardian's attack.
You hit the Orb Guardian. Your headbutt misses the Orb Guardian.
The Orb Guardian is moderately wounded.
The Orb Guardian hits you but does no damage.
You block the Orb Guardian's attack.
You closely miss the Orb Guardian.
The Orb Guardian is lightly wounded.
You block the Orb Guardian's attack. x2
You slice the Orb Guardian!! You headbutt the Orb Guardian!
The Orb Guardian is severely wounded.
You block the Orb Guardian's attack.
You open the Orb Guardian like a pillowcase!!!
You kill the Orb Guardian!
Okawaru accepts your kill.
No target in view!
No target in view!
You see here the Orb of Zot.
You feel yourself speed up.
You feel very mighty all of a sudden.
You're wearing all the rings you can.
Remove which one? (? for menu, Esc to cancel) < or
J - the ring of the Past {rElec rPois Str+4 Slay+4} > or
V - the ring "Xagasysm" {rPois Will+ rCorr MP+9} You remove the ring of the Past {rElec rPois Str+4 Slay+4}.
A - the ring "Piedoics" (left hand) {rElec rN+} You pick up the Orb of Zot!
The Orb lets out an ear-shattering shriek!
The lords of Pandemonium are not amused.
Beware!
Now all you have to do is get back out of the dungeon!
You hear a roar! x3; You hear a shout! x2; You hear a deafening roar!
You hear a roar! x2; You hear a shout! x2; You hear a roar!
A green draconian comes into view. It is wielding a +0 short sword.
You enter a permanent teleport trap!
Your surroundings suddenly seem different.
You see here a +10 heavy club.
You see here a storm dragon corpse.
Things that are here:
a +0 battleaxe; a green draconian skeleton
Things that are here:
a +9 club of chaos; a Killer Klown skeleton Your extra speed is starting to run out.
You feel yourself slow down.
There is a stone staircase leading up here.
You climb upwards.
There is a stone staircase leading down here.
What level of the Dungeon? (default 15, ? - help)
You feel a little less mighty now.
There is a stone staircase leading up here.
You climb upwards.
There is a stone staircase leading down here.
There is an open door here.
There is a stone staircase leading up here.
You climb upwards.
There is a stone staircase leading down here.
There is a stone staircase leading up here.
You climb upwards.
There is a stone staircase leading down here.
Things that are here:
a +0 long sword; a yellow draconian skeleton
There is a large open door here.
There is a gate leading back out of this place here.
You go up through the gate.
Welcome back to the Depths!
There is a gate to the Realm of Zot here.
Things that are here:
a +0 cloak; a +0 dagger
There is an open door here.
Things that are here:
+0 fire dragon scales; a fire dragon skeleton
There is an open door here.
There is an open door, spattered with blood here.
Things that are here:
a +0 glaive; a red draconian skeleton
Things that are here:
a +0 hand axe; a purple draconian skeleton; a stone giant skeleton
Things that are here:
a +0 glaive; a white draconian skeleton
There is an open door here.
You enter the shallow water.
You see here a scroll of identify.
There is a stone staircase leading up here.
You climb upwards.
There is a stone staircase leading down here.
There is an empty arch of ancient stone, spattered with blood here.
Items here: ))) [.
There is an empty arch of ancient stone here.
There is a stone staircase leading up here.
You climb upwards.
There is a stone staircase leading down here.
There is a stone staircase leading up here.
You climb upwards.
There is a stone staircase leading down here.
There is an open door here.
There is an open door here.
You see here a deep troll skeleton.
Things that are here:
an ugly thing skeleton; a deep troll skeleton
Things that are here:
a +0 troll leather armour; a deep troll skeleton
There is a staircase back to the Dungeon here.
You climb upwards.
Welcome back to the Dungeon!
There is a staircase to the Depths here.
There is an open door, spattered with blood here.
Things that are here:
a shapeshifter skeleton; a shapeshifter skeleton An Ice Fiend comes into view.
The Ice Fiend roars!
There is an open door here.
You open the Ice Fiend like a pillowcase!!!
You headbutt the Ice Fiend, but do no damage.
The Ice Fiend is heavily wounded.
The Ice Fiend gestures at you. The bolt of cold misses you.
You slice the Ice Fiend like a ripe choko!!!!
You kill the Ice Fiend!
Okawaru accepts your kill.
What level of the Dungeon? (default 1, ? - help)
There is an open door here.
Items here: ) [ ÷÷.
Items here: ) [[ ÷.
Things that are here:
a +0 robe; a +0 dagger; a human skeleton
There is a stone staircase leading up here.
You climb upwards.
There is a stone staircase leading down here.
There is a stone staircase leading up, spattered with blood here.
You climb upwards.
There is a stone staircase leading down, spattered with blood here.
Things that are here:
a +0 buckler; a +0 leather armour; a +1 long sword of holy wrath
There is a stone staircase leading up here.
You climb upwards.
There is a stone staircase leading down here.
A glowing orange brain comes into view.
You slice the glowing orange brain!!
The glowing orange brain is severely wounded.
You slice the glowing orange brain!!
You kill the glowing orange brain!
Okawaru accepts your kill.
No target in view!
What level of the Dungeon? (default 1, ? - help)
There is a stone staircase leading up here.
You climb upwards.
There is a stone staircase leading down here.
There is a stone staircase leading up here.
You climb upwards.
There is a stone staircase leading down here.
There is a stone staircase leading up here.
You climb upwards.
There is a stone staircase leading down here.
A rust devil comes into view.
The rust devil hits you.
You hit the rust devil.
The rust devil is lightly wounded.
You block the rust devil's attack.
You closely miss the rust devil. Your headbutt misses the rust devil.
The rust devil is lightly wounded.
You block the rust devil's attack.
A Brimstone Fiend comes into view.
You gain the combat prowess of a mighty hero.
The rust devil closely misses you.
You chop the rust devil into pieces!!!
You kill the rust devil!
Okawaru accepts your kill. The Brimstone Fiend gestures at you.
The sphere of damnation explodes!
The damnation engulfs you!!
The Brimstone Fiend hits you but does no damage.
You block the Brimstone Fiend's attack.
The Brimstone Fiend hits you but does no damage.
You carve the Brimstone Fiend like a ham!!!
You headbutt the Brimstone Fiend.
The Brimstone Fiend is heavily wounded.
The Brimstone Fiend gestures at you.
The sphere of damnation explodes!
The damnation engulfs you!!
The damnation engulfs the Brimstone Fiend.
The Brimstone Fiend completely resists.
You barely miss the Brimstone Fiend.
You headbutt the Brimstone Fiend, but do no damage.
The Brimstone Fiend is heavily wounded.
The Brimstone Fiend gestures at you.
The sphere of damnation explodes!
The damnation engulfs you!!!
The damnation engulfs the Brimstone Fiend.
The Brimstone Fiend completely resists.
You slash the Brimstone Fiend!
You headbutt the Brimstone Fiend, but do no damage.
The Brimstone Fiend is heavily wounded.
The Brimstone Fiend misses you. You block the Brimstone Fiend's attack.
The Brimstone Fiend hits you but does no damage.
You slice the Brimstone Fiend!!
The Brimstone Fiend is severely wounded.
You block the Brimstone Fiend's attack. x3
You slice the Brimstone Fiend like a ripe choko!!!
You kill the Brimstone Fiend!
Okawaru accepts your kill.
What level of the Dungeon? (default 1, ? - help)
There is a stone staircase leading up here.
You climb upwards.
There is a stone staircase leading down here.
You feel like a meek peon again.
There is a stone staircase leading up here.
You climb upwards.
There is a stone staircase leading down here.
A sun demon comes into view.
You block the sun demon's attack.
You cut the sun demon into ribbons!!!!
You kill the sun demon!
Okawaru accepts your kill.
No target in view!
No target in view!
What level of the Dungeon? (default 1, ? - help) HP restored.
There is a stone staircase leading up here.
You climb upwards.
There is a stone staircase leading down here.
There is a stone staircase leading up, spattered with blood here.
You climb upwards.
There is a stone staircase leading down here.
Things that are here:
a +0 dagger; a +0 dagger
Things that are here:
a +0 scale mail; a +0 trident; an orc skeleton An Executioner comes into view.
You block the Executioner's attack. The Executioner hits you.
You block the Executioner's attack.
The Executioner hits you but does no damage.
You block the Executioner's attack. x2
You cut the Executioner into ribbons!!!!
You kill the Executioner!
Okawaru accepts your kill.
No target in view!
What level of the Dungeon? (default 1, ? - help)
A seraph and an angel come into view.
The seraph is wielding a +3 great sword of flaming.
The angel is wielding a +3 whip of holy wrath.
You gain the combat prowess of a mighty hero.
The angel shouts!
You can now deal lightning-fast blows.
The seraph gestures.
You open the cherub like a pillowcase!!!
Your headbutt misses the cherub.
The cherub is almost dead.
The seraph shouts a warning to its allies!
You closely miss the cherub. Your headbutt misses the cherub.
The cherub is almost dead.
You chop the angel into pieces!!! You block the angel's attack. x2
You miss the angel.
The angel is heavily wounded.
You slash the seraph! You open the angel like a pillowcase!!!
You kill the angel!
Okawaru accepts your kill.
You closely miss the seraph.
The cherub sings a powerful hymn!
The seraph goes into a battle-frenzy!
You chop the seraph into pieces!!! Your headbutt misses the seraph.
The seraph is moderately wounded.
The seraph hits you with a +3 great sword of flaming!!
You block the seraph's attack.
You slice the seraph!! Your headbutt misses the seraph.
The seraph is heavily wounded.
The seraph gestures.
You open the cherub like a pillowcase!!!
You kill the cherub!
The cherub dissolves into sparkling lights!
You completely miss the cherub. You hit the seraph.
You closely miss the seraph.
The seraph is heavily wounded.
You slice the cherub!!
The seraph gestures.
The seraph begins to accept its allies' injuries.
You block the cherub's attack. x2
You closely miss the seraph.
The seraph is heavily wounded.
You miss the cherub. You barely miss the seraph.
You headbutt the seraph, but do no damage.
The seraph is heavily wounded.
You carve the cherub like a ham!!!
The seraph gestures.
The daeva calls down the wrath of the Shining One upon you.
The Shining One smites you! You block the cherub's attack.
The cherub bites you but does no damage.
You carve the cherub like a ham!!!
You kill the cherub!
The cherub dissolves into sparkling lights!
You slash the seraph! You closely miss the angel. You slash the cherub!
The daeva blocks your attack.
The cherub dissolves into sparkling lights!
The daeva dissolves into sparkling lights! x2
The seraph shouts a warning to its allies!
You slice the seraph!! Your headbutt misses the seraph.
The seraph is severely wounded.
You barely miss the angel.
The daeva dissolves into sparkling lights!
You block the angel's attack. x2
The cherub sings a powerful hymn!
The angels go into a battle-frenzy!
You slice the seraph like a ripe choko!!!
You kill the seraph!
Okawaru accepts your kill. Okawaru grants you throwing weapons!
Something appears at your feet!
The cherub dissolves into sparkling lights!
The angel dissolves into sparkling lights! x3
F - 151 large rocks (gained 1)
What level of the Dungeon? (default 1, ? - help)
Things that are here:
a +0 robe; a +3 whip of holy wrath Magic restored.
HP restored.
Things that are here:
a +0 dagger; an orc skeleton
Items here: ))) [ ÷.
Things that are here:
a +0 dagger; a kobold skeleton
There is a stone staircase leading up here.
Things that are here:
a +0 dagger; a kobold skeleton
There is a stone staircase leading up here.
You climb upwards.
There is a stone staircase leading down here.
You feel like a meek peon again.
A glowing orange brain comes into view.
You slice the glowing orange brain like a ripe choko!!!
You kill the glowing orange brain!
Okawaru accepts your kill.
No target in view!
What level of the Dungeon? (default 1, ? - help)
There is a stone staircase leading up here.
You climb upwards.
There is a stone staircase leading down here.
There is a stone staircase leading up here.
You climb upwards.
There is a stone staircase leading down here.
You see here a frilled lizard skeleton.
There is a stone staircase leading up here.
You climb upwards.
There is a stone staircase leading down here.
Your hands slow down.
You see here a ball python skeleton.
There is a staircase leading out of the dungeon here.
You can now deal lightning-fast blows.
Your hands get new energy.
Your hands get new energy.
Your hands get new energy.
Your hands get new energy.
Your hands get new energy.
You can no longer enter into single combat with a foe.
Okawaru will no longer gift you throwing weapons.
Your hands get new energy.
Your hands get new energy.
Your hands get new energy.
You can no longer speed up your combat.
Okay, then.
You gain the combat prowess of a mighty hero.
* * * LOW MAGIC WARNING * * *
A neqoxec comes into view.
You feel more confident with your borrowed prowess.
* * * LOW MAGIC WARNING * * *
Magic courses through your body.
You feel more confident with your borrowed prowess.
You feel more confident with your borrowed prowess.
You feel more confident with your borrowed prowess.
The neqoxec closely misses you.
You cut the neqoxec into ribbons!!!!
You kill the neqoxec!
Okawaru accepts your kill.
You have escaped!

#.###...#######.######.....÷###
#.###.#.#...#.###.##........)).
#.....#...#.#...#..#.###....###
##.##.#####.###.##.#..##....###
#.##.##....#[...#.##.##.......
##)##.#..##.#..#..[...##....###
#..##.####..#..#########....# #
##.###..#.^.###.#...#..##....###
#......##.#....@....#.#####)###.
#..###.#..#...#.###...# #.# #.
#..##..########..#..#### #.# #.
###.....#......#..#.##..# #.# #.
.......##.##.#....#....## #.# #.
.......##..#.##.###.########.# #.
.......###.#..#...#.#.÷)#.##.# #.
.........†.##.###.#...#.#.##.####
.........######.#######...##.∩###


There were no monsters in sight!

Vanquished Creatures
  the Royal Jelly (Slime:5)
  A seraph (D:5)
  3 dread liches
  Tiamat (Zot:4)
  4 ancient liches
  3 orbs of fire
  A juggernaut (Depths:2)
  Sojobo (Crypt:2)
  Vv (Crypt:2)
  The ghost of Cuehoi Muffi the Slayer, a legendary TeBe of Trog (Zot:4)
  Bai Suzhen (Vaults:2)
  2 Killer Klowns (Zot:5)
  2 curse toes
  19 golden dragons
  2 profane servitors
  2 doom hounds (Crypt:3)
  4 bone dragons
  Arachne (Spider:2)
  An electric golem (Zot:5)
  A Brimstone Fiend (D:9)
  The ghost of Gawed the Warrior, an adept KoFi of Uskayaw (Vaults:1)
  Jorgrun (D:15)
  Grunn (Crypt:3)
  25 tentacled monstrosities
  Zenata (Elf:3)
  An Ice Fiend (D:15)
  A walking earthen tome (Depths:3)
  6 liches
  4 deep elf master archers (Elf:3)
  21 Orb Guardians (Zot:5)
  3 deep elf blademasters
  5 titans (Vaults:5)
  31 acid blobs
  8 sphinxes
  8 quicksilver dragons
  10 death cobs
  6 tentacled starspawn (Abyss:3)
  6 ancient champions
  2 Executioners
  Gastronok (D:9)
  10 shadow dragons
  4 tengu reavers
  14 azure jellies
  4 revenants
  4 rockslimes
  Roxanne (Spider:1)
  24 storm dragons
  5 draconian monks
  7 emperor scorpions
  15 vault wardens
  7 draconian knights
  8 deep elf sorcerers
  3 protean progenitors
  14 fire giants
  3 draconian shifters
  2 balrugs
  8 frost giants
  4 iron dragons
  7 ghost moths
  9 draconian scorchers
  A deep elf elementalist (Elf:3)
  Louise (Shoals:1)
  3 cacodemons (Zot:4)
  6 draconian annihilators
  6 formless jellyfish
  An angel (D:5)
  3 orc warlords
  6 draconian stormcallers
  4 ghouls
  15 quicksilver oozes
  18 ironbound preservers
  13 very ugly things
  3 broodmothers
  9 ironbound thunderhulks
  7 vampire knights
  A juggernaut skeleton (Crypt:3)
  22 stone giants
  8 deep elf demonologists
  12 black draconians
  9 green draconians
  11 deep elf annihilators
  7 deep elf death magi
  17 dire elephants
  2 war gargoyles
  21 yellow draconians
  10 purple draconians
  13 white draconians
  15 red draconians
  2 eidola (Crypt:2)
  An acid blob zombie (Crypt:2)
  A blizzard demon (Depths:3)
  9 spark wasps
  3 merfolk javelineers (Shoals:4)
  15 ettins
  A crystal guardian (Vaults:4)
  7 merfolk impalers
  28 jiangshi
  22 yaktaur captains
  4 entropy weavers
  5 rakshasas
  12 fire dragons
  7 hydras
  7 deep elf high priests
  4 spriggan air magi
  3 peacekeepers
  26 vault guards
  12 great orbs of eyes
  A catoblepas (Lair:5)
  6 jorogumos
  A hell beast (Depths:1)
  An alligator (shapeshifter) (Elf:1)
  2 caustic shrike simulacra (IceCv)
  17 centaur warriors
  4 radroaches
  6 ogre magi
  An alligator snapping turtle (Shoals:3)
  An Orb Guardian skeleton (Crypt:1)
  A satyr (Shoals:3)
  14 ice dragons
  2 merfolk aquamancers
  14 dancing weapons
  A merfolk avatar (Shoals:2)
  10 ironbound frosthearts
  12 deep troll shamans
  15 boulder beetles
  4 death knights
  10 two-headed ogres
  4 death yaks (Lair:4)
  9 spriggan berserkers
  7 demonic crawlers
  15 deep troll earth magi
  12 tengu warriors
  3 vampire magi
  3 orc high priests (Vaults:3)
  7 thrashing horrors
  12 deep elf knights
  Sonja (Lair:1)
  5 occultists
  9 hell knights
  3 soul eaters
  4 spriggans
  11 iron trolls
  3 wretched stars (Abyss:3)
  A fire crab (Lair:5)
  3 sun demons
  A skyshark (shapeshifter) (Elf:3)
  A spectral spark wasp (Depths:1)
  3 sixfirhies (Depths:2)
  3 skysharks
  A bunyip zombie (Crypt:2)
  9 pharaoh ants
  5 shadow wraiths
  A storm dragon skeleton (Crypt:2)
  A fire crab (shapeshifter) (Vaults:5)
  11 sea snakes
  14 orb spiders
  9 arcanists
  9 flayed ghosts
  A swamp dragon (shapeshifter) (Abyss:3)
  32 skeletal warriors
  52 deep trolls
  A sun moth (Spider:4)
  A sun moth (shapeshifter) (Vaults:5)
  9 glowing orange brains
  16 ironbound convokers
  An obsidian statue (IceCv)
  6 lindwurms
  3 bog bodies (IceCv)
  16 starcursed masses (Abyss:3)
  2 steelbarb worms (shapeshifter) (Vaults:5)
  A lindwurm (shapeshifter) (D:15)
  8 steelbarb worms
  Pikel (D:6)
  19 orc knights
  9 deep elf archers
  15 phantasmal warriors
  20 deep elf pyromancers
  10 necromancers
  20 deep elf zephyrmancers
  7 harpies
  26 ugly things
  9 oklob plants
  A tengu zombie (Vaults:4)
  A stone giant zombie (Vaults:4)
  2 fauns (shapeshifter)
  8 fauns
  2 orc sorcerers
  9 cyclopes
  3 shining eyes (Depths:3)
  15 wolf spiders
  14 manticores
  6 large abominations
  A centaur zombie (Crypt:3)
  A rust devil (D:9)
  A salamander (D:15)
  37 moths of wrath
  A worldbinder (Abyss:1)
  3 meliai (Spider:2)
  16 vault sentinels
  7 water nymphs
  6 merfolk sirens
  2 black mambas (shapeshifter)
  A guardian serpent (Lair:2)
  6 black mambas
  An eye of devastation (shapeshifter) (Depths:3)
  An eye of devastation (Slime:5)
  A torpor snail (shapeshifter) (Depths:2)
  2 smoke demons
  4 torpor snails
  A gargoyle (D:11)
  3 orange demons
  A hellion (Abyss:3)
  15 cane toads
  An elf zombie (Vaults:4)
  3 rime drakes
  27 freezing wraiths
  An anaconda simulacrum (IceCv)
  An efreet (D:14)
  11 komodo dragons
  47 yaktaurs
  2 ice devils (IceCv)
  3 ancient zymes (Abyss:3)
  6 tengu conjurers
  Psyche (D:8)
  3 red devils (Lair:5)
  A queen bee (shapeshifter) (Elf:1)
  6 trolls
  A polar bear (Lair:4)
  7 merfolk
  A spectral harpy (Crypt:3)
  3 alligator simulacra (IceCv)
  A hellwing (Lair:5)
  11 wind drakes
  30 tarantellas
  A blink frog (shapeshifter) (D:12)
  14 blink frogs
  A hydra skeleton (Crypt:2)
  5 hornets
  19 dream sheep
  A tarantella (shapeshifter) (Vaults:5)
  2 harpy skeletons
  6 snapping turtles
  Prince Ribbit (D:8)
  A meliai zombie (Crypt:1)
  74 slime creatures
  6 air elementals
  An ettin zombie (Crypt:2)
  A glass eye (Depths:1)
  A centaur simulacrum (D:14)
  30 jumping spiders
  53 yaks
  21 culicivoras
  A spriggan (shapeshifter) (D:15)
  Sigmund (D:4)
  2 shadows (Crypt:3)
  2 naga simulacra (Crypt:2)
  A culicivora (shapeshifter) (Vaults:1)
  3 wyverns
  28 water elementals
  11 wraiths
  A fire bat (shapeshifter) (D:15)
  A fire bat (D:8)
  5 fire elementals
  6 dire elephant simulacra (IceCv)
  11 wargs
  5 golden eyes
  A basilisk (shapeshifter) (D:15)
  41 redbacks
  3 basilisks
  2 minotaur simulacra (IceCv)
  9 vampire mosquitoes
  3 neqoxecs
  3 steam dragons
  2 chaos spawn (Abyss:3)
  Menkaure (D:6)
  A swamp worm (shapeshifter) (Vaults:5)
  A harpy simulacrum (IceCv)
  An acid dragon (D:10)
  A water moccasin (shapeshifter) (Elf:1)
  2 hydra simulacra
  Duvessa (D:7)
  20 water moccasins
  7 hell hounds
  A black bear (Lair:2)
  27 orc warriors
  A two-headed ogre skeleton (Crypt:2)
  A demonspawn skeleton (Crypt:2)
  3 ettin simulacra (IceCv)
  A sky beast (D:6)
  A black bear (shapeshifter) (Elf:3)
  An elephant zombie (Crypt:1)
  28 laughing skulls
  13 ogres
  A boggart (Vaults:1)
  A tengu (shapeshifter) (Elf:3)
  6 centaurs
  A lemure (D:6)
  14 wolves
  A phantom (D:5)
  Blork the orc (D:6)
  6 weeping skulls
  4 kobold brigands
  16 bullfrogs
  3 scorpions
  A komodo dragon skeleton (Crypt:1)
  4 necrophages (Crypt:3)
  2 deep troll simulacra (IceCv)
  2 gnoll sergeants
  An earth elemental (Elf:2)
  4 small abominations
  4 burial acolytes (Crypt:3)
  2 cyclops skeletons (Crypt:1)
  14 wights
  Dowan (D:7)
  8 killer bees
  A spriggan skeleton (Crypt:2)
  4 lindwurm simulacra (IceCv)
  A howler monkey (D:11)
  5 electric eels
  A quasit (Abyss:3)
  5 hounds
  3 bombardier beetles
  A centaur skeleton (Crypt:2)
  17 orc priests
  25 jellies
  A gnoll bouda (D:10)
  Natasha (thrice) (D:2)
  Terence (D:2)
  4 hell rats (Lair:3)
  2 iguanas
  A sleepcap (D:7)
  16 orc wizards
  A deep dwarf skeleton (Crypt:2)
  A hound zombie (Crypt:2)
  13 gnolls
  8 adders
  A shadow imp (D:6)
  2 white imps
  2 dart slugs
  2 ribbon worms (D:2)
  80 orcs
  4 endoplasms
  A giant cockroach (D:2)
  6 goblins
  5 hobgoblins
  10 jackals
  4 quokkas
  3 training dummies (Shoals:1)
  13 ball pythons
  7 bats
  4 frilled lizards
  25 kobolds
  A kobold skeleton (Crypt:1)
  8 rats
  3 starspawn tentacles (Abyss:3)
2571 creatures vanquished.

Vanquished Creatures (others)
  A death cob (Zot:2)
  A fire giant (Vaults:5)
  A white draconian (Zot:2)
  A pharaoh ant (Spider:3)
  A sea snake (Shoals:4)
  An orc priest (Vaults:5)
  10 starspawn tentacles (Abyss:3)
16 creatures vanquished.

Grand Total: 2587 creatures vanquished

Notes
Turn   | Place    | Note
-------+----------+-------------------------------------------
     0 | D:1      | jagoly the Oni Gladiator began the quest for the Orb.
     0 | D:1      | Reached XP level 1. HP: 22/22 MP: 1/1
    63 | D:1      | Found Asietus's Book Boutique.
   171 | D:1      | Reached XP level 2. HP: 29/29 MP: 2/2
   451 | D:1      | Reached XP level 3. HP: 37/37 MP: 3/3
   808 | D:2      | Reached skill level 1 in Stealth
   811 | D:2      | Reached XP level 4. HP: 45/45 MP: 4/4
  1269 | D:2      | Reached XP level 5. HP: 54/54 MP: 5/5
  1276 | D:2      | Noticed Terence
  1318 | D:2      | Noticed Natasha
  1335 | D:2      | Killed Natasha
  1441 | D:2      | Noticed Natasha
  1497 | D:2      | Killed Natasha
  1557 | D:2      | Noticed Natasha
  1560 | D:2      | Killed Natasha
  1561 | D:2      | Reached skill level 5 in Axes
  1582 | D:2      | Killed Terence
  1625 | D:3      | Reached XP level 6. HP: 62/65 MP: 6/6
  2119 | D:4      | Found a staircase to the Ecumenical Temple.
  2136 | Temple   | Entered the Ecumenical Temple
  2150 | Temple   | Became a worshipper of Warmaster Okawaru
  2298 | D:4      | Noticed Sigmund
  2544 | D:4      | Reached skill level 5 in Fighting
  2695 | D:5      | Entered Level 5 of the Dungeon
  3107 | D:5      | Reached XP level 7. HP: 48/72 MP: 7/7
  3461 | D:5      | Reached * piety under Okawaru
  4268 | D:6      | Noticed Blork the orc
  4374 | D:6      | Reached ** piety under Okawaru
  4389 | D:6      | Reached XP level 8. HP: 77/83 MP: 8/8
  4457 | D:6      | Killed Blork the orc
  4614 | D:6      | Found a hazy altar of Hepliaklqana.
  4678 | D:6      | Found a hide-covered altar of Uskayaw.
  4808 | D:6      | Found a broken altar of Ashenzari.
  4838 | D:6      | Identified the +1 helmet of Sufficient Curiosity {Str+3}
  4838 | D:6      | Noticed Menkaure
  4995 | D:6      | Killed Menkaure
  5004 | D:6      | Found a radiant altar of Vehumet.
  5213 | D:6      | Found Suhoacku's Jewellery Shop.
  5471 | D:4      | Killed Sigmund
  5472 | D:4      | Reached skill level 10 in Axes
  5916 | D:7      | Reached XP level 9. HP: 89/89 MP: 9/9
  6075 | D:7      | Reached *** piety under Okawaru
  6530 | D:7      | Noticed Dowan
  6533 | D:7      | Noticed Duvessa
  6705 | D:7      | Reached skill level 1 in Invocations
  6972 | D:7      | Found an opulent altar of Gozag.
  7033 | D:7      | Found a sacrificial altar of Ru.
  7034 | D:7      | Found a glowing silver altar of Zin.
  7706 | D:7      | Killed Duvessa
  7707 | D:7      | Killed Dowan
  7929 | D:6      | Noticed Pikel
  7943 | D:6      | Killed Pikel
  7943 | D:6      | Reached **** piety under Okawaru
  7944 | D:6      | Reached skill level 5 in Throwing
  7944 | D:6      | Reached XP level 10. HP: 93/102 MP: 11/11
  8137 | D:8      | Noticed Prince Ribbit
  8145 | D:8      | Killed Prince Ribbit
  8198 | D:8      | Noticed a deep elf pyromancer
  8217 | D:8      | Killed a deep elf pyromancer
  8652 | D:8      | Found a shimmering altar of Xom.
  8935 | D:8      | Reached ***** piety under Okawaru
  9088 | D:8      | Noticed Psyche
  9118 | D:8      | Killed Psyche
  9512 | D:9      | Noticed a rust devil
  9513 | D:9      | Noticed a rust devil
  9596 | D:9      | Noticed a two-headed ogre
  9637 | D:9      | Killed a two-headed ogre
  9637 | D:9      | Received a gift from Okawaru
  9638 | D:9      | Reached skill level 5 in Dodging
 10160 | D:9      | Reached skill level 5 in Invocations
 10212 | D:9      | Reached XP level 11. HP: 109/113 MP: 14/14
 10329 | D:9      | Noticed Gastronok
 10352 | D:9      | Killed Gastronok
 10410 | D:9      | Noticed a cyclops
 10421 | D:9      | Killed a cyclops
 10774 | D:10     | Entered Level 10 of the Dungeon
 11209 | D:10     | Found a glowing golden altar of the Shining One.
 11775 | D:11     | Noticed a centaur warrior
 11785 | D:10     | Reached ****** piety under Okawaru
 11929 | D:11     | Killed a centaur warrior
 11929 | D:11     | Received a gift from Okawaru
 11930 | D:11     | Reached skill level 10 in Fighting
 11930 | D:11     | Reached skill level 1 in Armour
 12072 | D:11     | Reached skill level 1 in Evocations
 12101 | D:11     | Found a shimmering blue altar of Sif Muna.
 12190 | D:11     | Noticed a boulder beetle
 12196 | D:11     | Killed a boulder beetle
 12322 | D:11     | Found a staircase to the Orcish Mines.
 12349 | D:11     | Noticed a cyclops
 12349 | D:11     | Noticed a green ugly thing
 12399 | D:11     | Killed a red ugly thing
 12586 | D:11     | Acquired the +7 broad axe "Comeet" {heavy, Str+3 Dex+4}
 12586 | D:11     | Received a gift from Okawaru
 12589 | D:11     | Acquired the +3 storm dragon scales of Kasiah Juqep {rElec
                  | rF++ Slay-5 SInv}
 12589 | D:11     | Received a gift from Okawaru
 12718 | D:11     | Reached XP level 12. HP: 98/126 MP: 18/18
 12811 | D:11     | Found a staircase to the Lair.
 12948 | D:11     | Received a gift from Okawaru
 13399 | D:11     | Identified 2 scrolls of acquirement
 13401 | D:11     | Acquired +2 gold dragon scales
 13403 | D:11     | Acquired 821 gold pieces
 13430 | Lair:1   | Entered Level 1 of the Lair of Beasts
 13807 | Lair:1   | Noticed Sonja
 13830 | Lair:1   | Killed Sonja
 13988 | Lair:1   | Received a gift from Okawaru
 14207 | Lair:1   | Reached skill level 5 in Armour
 14408 | Lair:1   | Identified the +3 helmet of the Disbelieving Gods {rN+}
 14955 | Lair:2   | Noticed Urug
 14956 | Lair:2   | Urug changed into Urug the guardian serpent
 14956 | Lair:2   | Noticed Urug
 14961 | Lair:2   | Killed Urug the guardian serpent
 14961 | Lair:2   | Received a gift from Okawaru
 15212 | Lair:2   | Found a staircase to the Shoals.
 15259 | Lair:2   | Found a blossoming altar of Fedhas.
 15570 | Lair:2   | Reached XP level 13. HP: 133/133 MP: 19/19
 16187 | Lair:3   | Reached skill level 15 in Axes
 16236 | Lair:3   | Received a gift from Okawaru
 16412 | Lair:3   | Found a hole to the Spider Nest.
 17030 | Lair:3   | Found a blossoming altar of Fedhas.
 17449 | Lair:4   | Reached skill level 10 in Throwing
 17912 | Lair:4   | Received a gift from Okawaru
 18442 | Lair:5   | Entered Level 5 of the Lair of Beasts
 18789 | Lair:5   | Reached XP level 14. HP: 149/149 MP: 20/20
 18887 | Lair:5   | Received a gift from Okawaru
 19247 | Lair:5   | Found a viscous altar of Jiyva.
 19253 | Lair:5   | Found a staircase to the Slime Pits.
 19392 | Lair:5   | Received a gift from Okawaru
 19848 | Lair:5   | Found a burning altar of Makhleb.
 19958 | Lair:5   | Found a gateway to Hell.
 20606 | D:12     | Received a gift from Okawaru
 21153 | D:12     | Found an ornate altar of the Wu Jian Council.
 22171 | D:13     | Reached XP level 15. HP: 151/158 MP: 22/22
 22521 | D:14     | Received a gift from Okawaru
 22527 | D:14     | Reached skill level 10 in Invocations
 22582 | D:14     | Noticed an orc warlord
 23157 | D:13     | Killed an orc warlord
 23351 | D:14     | Identified the ring "Xagasysm" {rPois Will+ rCorr MP+9}
 23992 | D:14     | Received a gift from Okawaru
 24082 | D:14     | Found a gate to the Vaults.
 24307 | D:14     | Found Ivvoxue's Armour Emporium.
 24745 | D:14     | Identified the +3 longbow "Beastslayer" {drain, *Slow rElec
                  | Int+7 SInv}
 24882 | D:14     | Bought a +0 cloak for 72 gold pieces
 24971 | Orc:1    | Entered Level 1 of the Orcish Mines
 25088 | Orc:1    | Reached skill level 10 in Armour
 25206 | Orc:2    | Entered Level 2 of the Orcish Mines
 25206 | Orc:2    | Found Mapolig's Distillery.
 25223 | Orc:2    | Bought a potion of ambrosia for 88 gold pieces
 25223 | Orc:2    | Bought a potion of enlightenment for 55 gold pieces
 25223 | Orc:2    | Bought a potion of heal wounds for 55 gold pieces
 25223 | Orc:2    | Bought 2 potions of haste for 220 gold pieces
 25223 | Orc:2    | Bought a potion of berserk rage for 55 gold pieces
 25223 | Orc:2    | Bought a potion of degeneration for 11 gold pieces
 25438 | Orc:2    | Received a gift from Okawaru
 25514 | Orc:2    | Reached skill level 15 in Fighting
 25549 | Orc:2    | Found a dark tunnel.
 25565 | Volcano  | Entered a volcano
 26251 | Orc:2    | Found Veul Ysi's General Store.
 26359 | Orc:2    | Found a staircase to the Elven Halls.
 26403 | Orc:2    | Received a gift from Okawaru
 26465 | Orc:2    | Found Heyd's Armour Emporium.
 26467 | Orc:2    | Found Leatoh's Antique Armour Shoppe.
 26698 | Orc:2    | Bought the +2 hat of the Bear Spirit {Spirit, Bear, *Rage
                  | Will++} for 523 gold pieces
 26698 | Orc:2    | Found the +2 hat of the Bear Spirit {Spirit, Bear, *Rage
                  | Will++}
 26698 | Orc:2    | Bought a potion of heal wounds for 75 gold pieces
 26732 | Orc:2    | Bought a potion of curing for 33 gold pieces
 26732 | Orc:2    | Bought 2 potions of heal wounds for 110 gold pieces
 26886 | D:15     | Entered Level 15 of the Dungeon
 26943 | D:15     | Reached XP level 16. HP: 171/176 MP: 22/24
 27081 | D:15     | Found Dibiq's Armour Shop.
 27149 | D:15     | Noticed Jorgrun
 27169 | D:15     | Killed Jorgrun
 27266 | D:15     | Received a gift from Okawaru
 27979 | D:15     | Found a staircase to the Depths.
 28267 | Spider:1 | Entered Level 1 of the Spider Nest
 28898 | Spider:1 | Received a gift from Okawaru
 29166 | Spider:1 | Noticed Roxanne
 29175 | Spider:1 | Killed Roxanne
 30093 | Spider:2 | Received a gift from Okawaru
 30300 | Spider:2 | Identified the +1 war axe "Wekass" {freeze, rF+ rC- SInv
                  | Stlth+}
 30314 | Spider:2 | Found a glacial archway.
 30378 | IceCv    | Entered an ice cave
 30646 | IceCv    | Reached XP level 17. HP: 189/193 MP: 24/26
 30819 | IceCv    | Found an ancient bone altar of Kikubaaqudgha.
 30939 | IceCv    | Received a gift from Okawaru
 30975 | IceCv    | Noticed a lich
 30979 | IceCv    | Killed a lich
 31013 | IceCv    | Identified the ring "Piedoics" {rElec rN+}
 31406 | Spider:2 | Noticed Arachne
 31619 | Spider:2 | Killed Arachne
 32769 | Spider:3 | Received a gift from Okawaru
 33608 | Spider:4 | Entered Level 4 of the Spider Nest
 33909 | Spider:4 | Received a gift from Okawaru
 33941 | Spider:4 | Reached skill level 15 in Throwing
 34343 | Spider:4 | Paralysed by a jorogumo for 1 turns
 34346 | Spider:4 | Reached XP level 18. HP: 199/199 MP: 27/27
 34785 | Spider:4 | Received a gift from Okawaru
 35333 | Spider:4 | Got a gossamer rune of Zot
 35568 | Shoals:1 | Entered Level 1 of the Shoals
 35812 | Shoals:1 | Found Kaifosch's Firing Range.
 35822 | Shoals:1 | Bought a throwing net for 48 gold pieces
 35827 | Shoals:1 | Noticed Louise
 35850 | Shoals:1 | Killed Louise
 36578 | Shoals:2 | Found Boamagas's Book Shop.
 36696 | Shoals:2 | Found Raw Oraoma's Magic Scroll Boutique.
 36744 | Shoals:2 | Bought a scroll of blinking for 112 gold pieces
 37124 | Shoals:2 | Received a gift from Okawaru
 37358 | Shoals:2 | Bought a scroll of fear for 60 gold pieces
 37358 | Shoals:2 | Bought a scroll of fear for 60 gold pieces
 37358 | Shoals:2 | Bought a scroll of fear for 60 gold pieces
 37358 | Shoals:2 | Bought 2 scrolls of fog for 120 gold pieces
 37454 | Shoals:3 | Found a flickering gateway to a bazaar.
 37478 | Bazaar   | Entered a bazaar
 37478 | Bazaar   | Found Zemnoelu's Weapon Boutique.
 37478 | Bazaar   | Found Ruhussun's Assorted Antiques.
 37478 | Bazaar   | Found Qyaseklu's General Store.
 37478 | Bazaar   | Found Dossepum's Antique Weapon Boutique.
 37478 | Bazaar   | Found Ramuk's Magic Scroll Shop.
 37478 | Bazaar   | Found Vuwir's Magic Scroll Boutique.
 37539 | Bazaar   | Bought a scroll of enchant armour for 60 gold pieces
 37539 | Bazaar   | Bought a scroll of blinking for 60 gold pieces
 37539 | Bazaar   | Bought a scroll of teleportation for 24 gold pieces
 37539 | Bazaar   | Bought a scroll of fear for 32 gold pieces
 37539 | Bazaar   | Bought a scroll of revelation for 60 gold pieces
 37541 | Bazaar   | Bought a scroll of revelation for 82 gold pieces
 37541 | Bazaar   | Bought a scroll of enchant armour for 82 gold pieces
 37541 | Bazaar   | Bought a scroll of fear for 44 gold pieces
 37541 | Bazaar   | Bought a scroll of fear for 44 gold pieces
 37541 | Bazaar   | Bought a scroll of vulnerability for 44 gold pieces
 37541 | Bazaar   | Bought a scroll of teleportation for 33 gold pieces
 37541 | Bazaar   | Bought a scroll of teleportation for 33 gold pieces
 37541 | Bazaar   | Bought a scroll of teleportation for 33 gold pieces
 38360 | Shoals:4 | Entered Level 4 of the Shoals
 38366 | Shoals:4 | Paralysed by an air elemental for 1 turns
 38371 | Shoals:4 | Paralysed by an air elemental for 1 turns
 38694 | Shoals:4 | Received a gift from Okawaru
 38854 | Shoals:4 | Paralysed by an air elemental for 1 turns
 39050 | Shoals:4 | Reached XP level 19. HP: 217/217 MP: 28/28
 39487 | Shoals:4 | Received a gift from Okawaru
 39525 | Shoals:4 | Acquired 984 gold pieces
 39530 | Shoals:4 | Got a barnacled rune of Zot
 39782 | Shoals:4 | Paralysed by an air elemental for 1 turns
 39785 | Shoals:4 | Paralysed by an air elemental for 1 turns
 40128 | Shoals:2 | Bought a manual of Axes for 1360 gold pieces
 40361 | Elf:1    | Entered Level 1 of the Elven Halls
 40425 | Elf:1    | Got Huegh's Precepts of Plaster Cramp
 40432 | Elf:1    | Got Ts'ui Pên's Parchment of Forking Paths
 40509 | Elf:1    | Paralysed by an air elemental for 1 turns
 40574 | Elf:1    | Found Farehygh's Magic Scroll Boutique.
 40592 | Elf:1    | Found a huge runed translucent gate.
 40592 | Elf:1    | Found a huge runed translucent gate.
 40594 | Elf:1    | Found a huge runed translucent gate.
 40594 | Elf:1    | Found a huge runed translucent gate.
 40594 | Elf:1    | Found a huge runed translucent gate.
 40594 | Elf:1    | Found a huge runed translucent gate.
 40594 | Elf:1    | Found a huge runed translucent gate.
 40600 | Elf:1    | Found a huge runed translucent gate.
 40600 | Elf:1    | Found a huge runed translucent gate.
 40600 | Elf:1    | Found a huge runed translucent gate.
 40600 | Elf:1    | Found a huge runed translucent gate.
 40601 | Elf:1    | Found a huge runed translucent gate.
 40601 | Elf:1    | Found a huge runed translucent gate.
 40601 | Elf:1    | Found a huge runed translucent gate.
 40601 | Elf:1    | Found a huge runed translucent gate.
 40601 | Elf:1    | Found a huge runed translucent gate.
 40601 | Elf:1    | Found a huge runed translucent gate.
 40601 | Elf:1    | Found a huge runed translucent gate.
 40601 | Elf:1    | Found a huge runed translucent gate.
 40602 | Elf:1    | Found a huge runed translucent gate.
 40614 | Elf:1    | Found Ubar's Magic Scroll Emporium.
 40639 | Elf:1    | Found Fesiffef's Book Shoppe.
 40709 | Elf:1    | Found Soumok's Tremendous Tomes.
 40728 | Elf:1    | Got Sif Muna's Quarto of Combed Thunderclap
 41305 | Elf:1    | Bought a scroll of blinking for 105 gold pieces
 41305 | Elf:1    | Bought a scroll of blinking for 105 gold pieces
 41325 | Elf:2    | Received a gift from Okawaru
 42244 | Elf:2    | Found a runed translucent gate.
 42245 | Elf:2    | Found a runed translucent gate.
 42245 | Elf:2    | Found a runed translucent gate.
 42486 | Elf:3    | Entered Level 3 of the Elven Halls
 42623 | Elf:3    | Received a gift from Okawaru
 43373 | Elf:3    | Identified the +0 spear of Cocytus {elec, Stlth+}
 43403 | Elf:3    | Reached XP level 20. HP: 192/231 MP: 24/29
 43789 | Elf:3    | Identified the ring of Inenwey {^Drain rElec rC- rCorr
                  | SInv}
 43812 | Elf:3    | Identified the +12 chain mail of the Bulwark {Str+3 SInv}
 43821 | Elf:3    | Noticed Zenata
 43985 | Elf:3    | Identified the +0 broad axe of the Muttering Moth
                  | {antimagic, rElec SInv Stlth-}
 44077 | Elf:3    | Identified the +5 trident of Mecw {heavy, Dex+3}
 44082 | Elf:3    | Killed Zenata
 44091 | Elf:3    | Received a gift from Okawaru
 44129 | Elf:3    | Identified the +10 plate armour of the Present {rF- Int+4
                  | Dex+6}
 44359 | Elf:3    | Identified the +6 glaive "Situ Pot" {heavy, rPois rF+ rN+}
 44441 | Elf:3    | Identified the +5 demon trident of Kedeapiwk {vamp, Int+5
                  | Dex-4}
 44450 | Elf:3    | Got the Handbook of the Catalyst
 44454 | Elf:3    | Got the Dissertation on Aeromancy
 44505 | Elf:3    | Identified the +4 longbow of the Mind {elec, Will+ Stlth+}
 44855 | Vaults:1 | Entered Level 1 of the Vaults
 45142 | Vaults:1 | Found Laukkuus's General Store.
 45147 | Vaults:1 | Bought a potion of heal wounds for 105 gold pieces
 45233 | Vaults:1 | Paralysed by a formless jellyfish for 1 turns
 45237 | Vaults:1 | Received a gift from Okawaru
 45402 | Vaults:1 | Reached skill level 1 in Shields
 45906 | Vaults:1 | You fall into a shaft and drop 1 floor!
 45914 | Vaults:2 | Reached skill level 5 in Shields
 46185 | Vaults:2 | Noticed Bai Suzhen
 46188 | Vaults:2 | Received a gift from Okawaru
 46195 | Vaults:2 | Killed Bai Suzhen
 46771 | Vaults:2 | Reached XP level 21. HP: 216/240 MP: 23/30
 46815 | Vaults:2 | Found Baxoyck's General Store.
 46824 | Vaults:2 | Bought a potion of curing for 33 gold pieces
 46824 | Vaults:2 | Bought 2 silver javelins for 198 gold pieces
 46980 | Vaults:2 | Received a gift from Okawaru
 47064 | Vaults:2 | Got the Directory of Misty Decomposition
 47403 | Vaults:1 | Found a runed translucent door.
 47403 | Vaults:1 | Found a shimmering altar of Xom.
 47403 | Vaults:1 | Identified the +2 great sword "Tozxef" {chaos, rF++ Will-
                  | Int+3}
 47403 | Vaults:1 | Noticed Gawed's ghost (adept KoFi)
 47441 | Vaults:1 | Killed Gawed's ghost
 47539 | Vaults:1 | Reached skill level 10 in Shields
 47950 | Vaults:2 | Received a gift from Okawaru
 48441 | Vaults:3 | Received a gift from Okawaru
 48476 | Vaults:3 | Found a flickering gateway to a bazaar.
 48500 | Bazaar   | Entered a bazaar
 48516 | Bazaar   | Found Jiby's Armour Shoppe.
 48517 | Bazaar   | Found Davetu's Armour Shoppe.
 48560 | Bazaar   | Found Suuliag's Antique Armour Emporium.
 48560 | Bazaar   | Found Dayrog's Magic Scroll Emporium.
 48603 | Bazaar   | Bought a +0 kite shield for 49 gold pieces
 48603 | Bazaar   | Bought a +1 cloak of willpower for 181 gold pieces
 48636 | Bazaar   | Bought a scroll of enchant armour for 120 gold pieces
 48636 | Bazaar   | Bought a scroll of fog for 64 gold pieces
 49020 | Vaults:3 | Found a staircase to the Crypt.
 49020 | Vaults:3 | Found a basalt altar of Yredelemnul.
 49020 | Vaults:3 | Found an ancient bone altar of Kikubaaqudgha.
 50004 | Vaults:4 | Received a gift from Okawaru
 50005 | Vaults:4 | Reached XP level 22. HP: 249/252 MP: 31/31
 50635 | Vaults:5 | Entered Level 5 of the Vaults
 50645 | Vaults:5 | Received a gift from Okawaru
 50670 | Vaults:5 | Noticed a golden dragon
 50860 | Vaults:5 | Identified the ring of Kuim {Fly Dex+4}
 50868 | Vaults:5 | Received a gift from Okawaru
 50871 | Vaults:5 | Killed a golden dragon
 51216 | Vaults:5 | Received a gift from Okawaru
 51339 | Vaults:5 | Noticed a golden dragon
 51347 | Vaults:5 | Killed a golden dragon
 51348 | Vaults:5 | Reached skill level 15 in Armour
 51348 | Vaults:5 | Reached skill level 15 in Shields
 51361 | Vaults:5 | Reached XP level 23. HP: 225/260 MP: 25/32
 51478 | Vaults:5 | Identified the +0 robe "Tiagaveu" {Harm Stlth+}
 51559 | Vaults:5 | Received a gift from Okawaru
 51959 | Vaults:5 | Noticed a golden dragon
 51964 | Vaults:5 | Killed a golden dragon
 52157 | Vaults:5 | Received a gift from Okawaru
 52212 | Vaults:5 | Identified the +7 mace of Dismay {vamp, rCorr Int+5}
 52213 | Vaults:5 | Noticed an ancient lich
 52221 | Vaults:5 | Killed an ancient lich
 52247 | Vaults:5 | Got a silver rune of Zot
 52305 | Vaults:5 | Identified the +4 hand axe "Neheg" {spect, Int+3 Dex+3}
 52540 | Vaults:5 | Acquired the ring of Stoicism {rN+ Int+3 Stlth+}
 52895 | Crypt:1  | Entered Level 1 of the Crypt
 53335 | Crypt:1  | Received a gift from Okawaru
 53634 | Crypt:1  | Identified the +2 robe of the Devil's Advocate {rC+}
 54458 | Crypt:2  | Noticed Vv
 54465 | Crypt:2  | Noticed Sojobo
 54481 | Crypt:2  | Received a gift from Okawaru
 54483 | Crypt:2  | Killed Vv
 54484 | Crypt:2  | Reached XP level 24. HP: 270/270 MP: 25/32
 54484 | Crypt:2  | Killed Sojobo
 54635 | Crypt:1  | Found a basalt altar of Yredelemnul.
 54784 | Crypt:3  | Entered Level 3 of the Crypt
 54784 | Crypt:3  | Noticed Grunn
 54797 | Crypt:3  | Killed Grunn
 55054 | Crypt:3  | Found a basalt altar of Yredelemnul.
 55067 | Crypt:3  | Received a gift from Okawaru
 55439 | Crypt:3  | Identified the +1 long sword "Meupis" {drain, Str+3}
 55593 | Crypt:3  | Found a staircase to the Tomb.
 55594 | Crypt:3  | Noticed a dread lich
 55600 | Crypt:3  | Killed a dread lich
 55604 | Crypt:3  | Found the +8 demon blade "Leech" {evervamp, Harm ^Drain
                  | rN+}
 55766 | Crypt:3  | Identified the staff of Haunted Exoneration {rF+ Str+3 Tloc
                  | Fire}
 56129 | Vaults:3 | Upgraded the game from 0.32-a0-125-g6e397d8 to
                  | 0.32-a0-127-gb477333
 56400 | Slime:1  | Entered Level 1 of the Pits of Slime
 56488 | Slime:2  | Received a gift from Okawaru
 56550 | Slime:5  | Entered Level 5 of the Pits of Slime
 56598 | Slime:5  | Reached skill level 10 in Dodging
 56599 | Slime:5  | Noticed the Royal Jelly
 56610 | Slime:5  | Killed the Royal Jelly
 56630 | Slime:5  | Found the +0 mask of the Dragon {Will+ Slay+3 SInv}
 56683 | Slime:5  | Identified the +1 chain mail of Awefod {rF+ rCorr Str+5}
 56702 | Slime:5  | Identified the staff of the Eleven Runes {rElec Str-2 SInv
                  | Air Alchemy}
 56752 | Slime:5  | Got the Annotations on the Damned and the Tropics
 56760 | Slime:5  | Got a starry gem with 260 turns to spare
 56762 | Slime:5  | Got a slimy rune of Zot
 56778 | Slime:5  | Identified the +6 rapier "Korom" {drain, *Slow rPois Str+2
                  | Int+7}
 57158 | D:6      | Bought the ring "Ugouboet" {Wiz rF++} for 599 gold pieces
 57416 | Depths:1 | Entered Level 1 of the Depths
 57438 | Depths:1 | Reached XP level 25. HP: 278/278 MP: 33/33
 57562 | Depths:1 | Received a gift from Okawaru
 57564 | Depths:1 | Reached skill level 15 in Invocations
 57732 | Depths:1 | Found the +8 Wrath of Trog {antimagic, *Rage Rampage}
 57797 | Depths:1 | Found a corrupted altar of Lugonu.
 57797 | Depths:1 | Found a one-way gate to the infinite horrors of the Abyss.
 58336 | Depths:1 | Identified the +11 chain mail of the Protecting Gods {rCorr
                  | Str-2 Int+7 Slay+2}
 58462 | Depths:2 | Noticed a dread lich
 58462 | Depths:2 | Found a one-way gateway to a ziggurat.
 58474 | Depths:2 | Found Etzuwom's General Store.
 58538 | Depths:2 | Found Talecerch's Jewellery Shop.
 58601 | Depths:2 | Found a one-way gate leading to the halls of Pandemonium.
 58604 | Depths:2 | Received a gift from Okawaru
 58622 | Depths:2 | Found Buotef's Assorted Antiques.
 58672 | Depths:2 | Found a flickering gateway to a bazaar.
 58707 | Bazaar   | Entered a bazaar
 58728 | Bazaar   | Found Wienann's Jewellery Boutique.
 58742 | Bazaar   | Found Jekhet's Antique Armour Shop.
 58756 | Bazaar   | Found Guesyvope's Jewellery Boutique.
 58770 | Bazaar   | Found Lusau's Antique Armour Shop.
 58784 | Bazaar   | Found Ilag's Magic Scroll Boutique.
 58798 | Bazaar   | Found Ikhlem Urutz's Armour Shop.
 58846 | Bazaar   | Bought a scroll of enchant armour for 67 gold pieces
 59836 | Depths:2 | Reached skill level 5 in Evocations
 59922 | Depths:2 | Noticed a juggernaut
 59929 | Depths:2 | Killed a juggernaut
 59994 | Depths:2 | Received a gift from Okawaru
 60092 | Depths:2 | Identified the ring "Locexahe" {rPois rC+}
 60467 | Depths:2 | Identified the staff of Purpose {rF+ rCorr Dex-3 Stlth+
                  | Summ Fire}
 61045 | Depths:2 | Killed a dread lich
 61343 | Depths:3 | Identified the ring of Asavvup {rElec Str+2 Slay+4}
 61582 | Depths:3 | Identified the +0 chain mail of Words of Power {rF+ Slay+2}
 61644 | Depths:3 | You fall into a shaft and drop 1 floor!
 61644 | Depths:4 | Entered Level 4 of the Depths
 61840 | Depths:3 | Reached XP level 26. HP: 205/288 MP: 36/36
 62069 | Depths:3 | Identified the +0 chain mail of Delicate Joy {*Corrode MP+9
                  | Str-3 Dex+8}
 62283 | Depths:3 | Received a gift from Okawaru
 62413 | Depths:3 | Received a gift from Okawaru
 62431 | Depths:3 | Found a white marble altar of Elyvilon.
 62779 | Depths:4 | Found a shadowy altar of Dithmenos.
 63022 | Depths:4 | Found a glowing golden altar of the Shining One.
 63022 | Depths:4 | Found a glowing silver altar of Zin.
 63022 | Depths:4 | Found a white marble altar of Elyvilon.
 63215 | Depths:4 | Found a runed translucent door.
 63225 | Depths:4 | Found a runed translucent door.
 63253 | Depths:4 | Found a runed translucent door.
 63303 | Depths:4 | Received a gift from Okawaru
 63399 | Depths:4 | Found a runed translucent door.
 63440 | Depths:4 | Found a runed translucent door.
 63522 | Depths:4 | Found a runed translucent door.
 63578 | Depths:4 | Found a gate to the Realm of Zot.
 63941 | Depths:2 | Bought a potion of curing for 84 gold pieces
 63941 | Depths:2 | Bought a potion of mutation for 224 gold pieces
 63963 | Depths:2 | Bought a scroll of blinking for 172 gold pieces
 63988 | Depths:2 | Bought an amulet of regeneration for 630 gold pieces
 64089 | Depths:1 | Voluntarily entered the Abyss.
 64093 | Abyss:1  | Found a corrupted altar of Lugonu.
 64139 | Abyss:2  | Found a corrupted altar of Lugonu.
 64147 | Abyss:3  | Found a corrupted altar of Lugonu.
 64147 | Abyss:3  | Found a corrupted altar of Lugonu.
 64323 | Abyss:3  | Noticed an ancient lich
 64336 | Abyss:3  | Killed an ancient lich
 64458 | Abyss:3  | Received a gift from Okawaru
 64460 | Abyss:3  | Reached XP level 27. HP: 268/300 MP: 38/38
 64518 | Abyss:3  | Paralysed by accursed screaming for 2 turns
 64546 | Abyss:3  | Got an abyssal rune of Zot
 64588 | Depths:1 | Escaped the Abyss
 64771 | Zot:1    | Entered Level 1 of the Realm of Zot
 65040 | Zot:1    | Identified the amulet of Zoipiek {Spirit Dex+4}
 65081 | Zot:1    | Received a gift from Okawaru
 65560 | Zot:1    | Received a gift from Okawaru
 66349 | Zot:2    | Received a gift from Okawaru
 67727 | Zot:3    | Noticed an orb of fire
 67757 | Zot:3    | Killed an orb of fire
 67757 | Zot:3    | Received a gift from Okawaru
 68518 | Zot:4    | Found a transporter.
 68540 | Zot:4    | Noticed an ancient lich
 68557 | Zot:4    | Received a gift from Okawaru
 68568 | Zot:4    | Killed an ancient lich
 68615 | Zot:4    | Gained mutation: You occasionally shout uncontrollably at
                  | your foes. [a cacodemon]
 68631 | Zot:4    | Found a transporter.
 68660 | Zot:4    | Identified the amulet of Moderation {Faith rF+ Int+3 SInv}
 68668 | Zot:4    | Identified the ring of the Past {rElec rPois Str+4 Slay+4}
 68682 | Zot:4    | Found the +4 dragonskin cloak
 68682 | Zot:4    | Noticed Tiamat
 68687 | Zot:4    | Identified the +12 glaive of Ambiguity {drain, rC+ rN+
                  | Stlth+}
 68942 | Zot:4    | Killed Tiamat
 68942 | Zot:4    | Received a gift from Okawaru
 69414 | Zot:4    | Found a runed translucent door.
 69417 | Zot:4    | Noticed Cuehoi Muffi's ghost (legendary TeBe)
 69448 | Zot:4    | Killed Cuehoi Muffi's ghost
 69632 | Zot:5    | Entered Level 5 of the Realm of Zot
 69695 | Zot:5    | Noticed an orb of fire
 69700 | Zot:5    | Gained mutation: Armour fits poorly on your strangely
                  | shaped body. [an orb of fire]
 69703 | Zot:5    | Killed an orb of fire
 70150 | Zot:5    | Noticed a dread lich
 70158 | Zot:5    | Noticed an orb of fire
 70164 | Zot:5    | Killed an orb of fire
 70164 | Zot:5    | Killed a dread lich
 70164 | Zot:5    | Received a gift from Okawaru
 70211 | Zot:5    | Lost mutation: You occasionally shout uncontrollably at
                  | your foes. [potion of mutation]
 70211 | Zot:5    | Lost mutation: Armour fits poorly on your strangely shaped
                  | body. [potion of mutation]
 70211 | Zot:5    | Gained mutation: Your movements are slightly less
                  | encumbered by armour. (ER -2) [potion of mutation]
 70211 | Zot:5    | Gained mutation: Your muscles are strong. (Str +4, Int/Dex
                  | -1) [potion of mutation]
 70244 | Zot:5    | Noticed an ancient lich
 70247 | Zot:5    | Killed an ancient lich
 70341 | Zot:5    | Got the Orb of Zot
 70861 | D:5      | Noticed a seraph
 70873 | D:5      | Identified the +0 tower shield "Rid Ene" {Dex+3 Stlth-}
 70875 | D:5      | Killed a seraph
 70875 | D:5      | Received a gift from Okawaru
 70998 | D:$      | Escaped with the Orb!

Illustrated notes

Levels and vault maps discovered:
D:1:      psy_arrival_radial01, layout_rooms, serial_shops,
          nicolae_shop_just_a_little_nook
D:2:      layout_basic, item_on_display_a, uniq_terence, uniq_natasha
D:3:      layout_rooms, minmay_misc_feat_square, amcnicky_mini_pool_small,
          dreamdust_wishing_well, minmay_misc_feat_roman
D:4:      layout_rooms, minmay_temple_entry_statues_fountains, serial_bayou,
          serial_bayou_lake_a, serial_bayou_pond_d, serial_bayou_lagoon_b,
          serial_bayou_pond_d, uniq_sigmund
D:5:      layout_loops_cross
D:6:      layout_rooms, mainiacjoe_overflow_six_doors_small,
          nicolae_ashenzari_panopticon, nzn_hepliaklqana_mist_gate,
          nicolae_uskayaw_murder_on_the_dancefloor, serial_shops, shop_coins,
          uniq_pikel, uniq_menkaure, uniq_blork_the_orc
D:7:      layout_cave_pods, nicolae_overflow_hidden_temple, grunt_gozag_statues,
          uniq_duvessa
D:8:      layout_rooms, regret_index_xom_of_box, serial_co_window_serial,
          co_window_of_opportunity_a, co_window_corner_a, co_window_paths_a,
          co_window_cross_1, co_window_cross_1, co_window_broadway_c,
          co_window_corner_cb, co_window_cross_2, co_window_corner_ca,
          co_window_2corner, co_window_unsneaky_path_d, glass_columns_c,
          glass_columns_b, glass_columns_b, glass_columns_b, glass_columns_a,
          guppyfry_early_elven_hall, uniq_prince_ribbit1, uniq_psyche
D:9:      cheibrodos_iron_armory, layout_small_grid, minivault_4, uniq_gastronok
D:10:     layout_loops_ring, nicolae_tso_carved_into_rock, minivault_22
D:11:     layout_basic, david_lair_shrubbed, minmay_orc_entry_guard_dogs,
          led_sif_book
D:12:     layout_small_grid, nicolae_benzene_ring,
          nicolae_wu_jian_immortal_techniques
D:13:     layout_gridville
D:14:     hellmonk_crumbling_castle, layout_rooms, david_vaults_1, serial_shops,
          nicolae_shop_real_fake_doors, minivault_19,
          minmay_checkered_concentric_circles
D:15:     hangedman_depths_entry_try_elsewhere_first, layout_basic,
          serial_shops, shop, uniq_jorgrun
Temple:   cyrus_circular_temple
Lair:1:   layout_regular_city, grunt_forest_large_clearings, uniq_sonja
Lair:2:   cheibrodos_lair_river_kwai, layout_regular_city,
          minmay_shoals_entry_lonely_mermaid, serial_bayou_pond_a, st_stairs_8,
          tgw_fedhas, serial_bayou_shore_b, lemuel_fruit_fields, uniq_urug
Lair:3:   layout_chaotic_city, spider_nest_entry_a, hangedman_tree_tricks,
          chequers_serial_rivers_large_a, beast_lair_carwin_6
Lair:4:   layout_layer_cave, nicolae_quartered_pool_impasse
Lair:5:   evil_forest, layout_regular_city, dpeg_slime_entry_corner,
          chequers_serial_rivers_micro_d, minivault_26, grunt_megastairs_1,
          infiniplex_staircase_pool_2, lemuel_fruit_fields, serial_bayou_shore_b
Shoals:1: layout_shoals, nicolae_shop_firing_range, uniq_louise
Shoals:2: layout_shoals, serial_shops, nicolae_shop_tiny_glass,
          nicolae_shop_waterfront
Shoals:3: layout_shoals, serial_shops, freezing_bzr
Shoals:4: shoals_end_hellmonk_storm_palace [storm_palace_center_square,
          storm_palace_corner_narrow, storm_palace_corner_grid,
          storm_palace_corner_pillars, storm_palace_corner_grid], serial_shops
Spider:1: layout_spider_delve, uniq_roxanne
Spider:2: layout_chambers, portal_ice_cave_entry_dragon,
          hangedman_spider_tarantella_strand, uniq_arachne
Spider:3: layout_spider_delve, hellmonk_watch_for_rolling_rocks
Spider:4: guppyfry_spider_rune, drop_trap, nicolae_spider_eight_legs
Slime:1:  layout_caves, cheibrodos_slime_lost_civilization_5
Slime:2:  layout_caves
Slime:3:  layout_caves
Slime:4:  layout_caves
Slime:5:  slime_pit_nicolae_amoeboid
Orc:1:    layout_caves
Orc:2:    st_orc_town, layout_caves, serial_shops, shop,
          lightli_volcano_entry_magma_tube
Elf:1:    layout_gridlike, serial_shops, shop, nicolae_shop_behind_doors, shop,
          hangedman_elf_represent, nicolae_shop_i_like_big_books,
          bh_hangedman_babel_library, hangedman_decor_cross_pass
Elf:2:    nicolae_elf_blades_crystal_corner, layout_loops_cross
Elf:3:    minmay_elf_hall_circle, layout_loops_cross, uniq_zenata
Vaults:1: ebering_ghost_xom, v_misc_22, nicolae_vaults_three_branches,
          nicolae_vaults_little_squares_2, grunt_vaults_focal,
          nicolae_vaults_heart-shaped_vault, nicolae_vaults_trapezoid_4,
          nicolae_vaults_security_offices_6, vaults_mumra_chevron_long,
          vaults_room_fours, ontoclasm_vaults_shuriken,
          nicolae_vaults_heart-shaped_vault, ontoclasm_vaults_pinch,
          nicolae_vaults_offset_grid_hallway_4, ontoclasm_vaults_fault,
          nicolae_vaults_turnstiles, ontoclasm_vaults_ring_square,
          vaults_mumra_hexcomb, grunt_vaults_hallway_short,
          layout_vaults_omnicross, serial_shops, nicolae_shop_peninsula
Vaults:2: nicolae_vaults_variable_pillar_hall, vaults_room_pool, v_rooms_6,
          ontoclasm_vaults_decontamination, vaults_dpeg_ring,
          nicolae_vaults_closet_pinwheel_6, v_misc_27, vaults_room_corners,
          nicolae_vaults_circle_grid_a, dpeg_vaults_monster_row,
          hangedman_vaults_corner_blocks, nicolae_vaults_lightning_bolt,
          vaults_mumra_hex, layout_vaults_big_room, serial_shops,
          nicolae_shop_behind_doors, uniq_bai_suzhen
Vaults:3: v_rooms_3, v_rooms_4, nicolae_vaults_network_star, special_room_vaults
          [special_room_orc], hangedman_vaults_variations,
          nicolae_vaults_little_squares_1, minmay_crypt_entry_necro_gods,
          hangedman_vaults_impose, nicolae_vaults_little_squares_6,
          nicolae_vaults_sesquioval_fish, nicolae_vaults_trapezoid_3,
          v_pattern_2, nicolae_vaults_tetromino_L_2, vaults_room_semicircle,
          layout_vaults_omnibox, serial_shops, bzr_entry_gold
Vaults:4: nicolae_vaults_tangram_2, nicolae_vaults_yaktaur_gun_rack,
          nicolae_vaults_ninety_degrees, nicolae_vaults_shrinking_rooms_2,
          nicolae_vaults_angled_halls, grunt_vaults_funnel, v_misc_27,
          hangedman_vaults_hat, ontoclasm_vaults_ring_large,
          nicolae_vaults_trapezoid_1, nicolae_vaults_house_3,
          nicolae_vaults_little_squares_2, vaults_dpeg_hooks, layout_vaults_ring
Vaults:5
Crypt:1:  layout_regular_city, serial_sigils, serial_sigils_hangedman_confine,
          serial_sigils_hangedman_leer, serial_sigils_hangedman_gut,
          serial_sigils_hangedman_gut, lemuel_upstairs_altar,
          grunt_crypt_arrival_split
Crypt:2:  layout_gridlike, uniq_sojobo, uniq_vv
Crypt:3:  grunt_crypt_end_deaths_head, uniq_grunn
Depths:1: layout_roguey, grunt_mini_vestibule, abyss_entry_flame_altar,
          minmay_guarded_unrand_wrath_of_trog, grunt_megastairs_2,
          infiniplex_staircase_pool_lava
Depths:2: minmay_the_grid_triangle_9x9_line_8_mashed
          [minmay_the_grid_triangle_9x9_semitri,
          minmay_the_grid_triangle_9x9_zippers_vertical,
          minmay_the_grid_triangle_9x9_steps,
          minmay_the_grid_triangle_9x9_corruption,
          minmay_the_grid_triangle_9x9_alien,
          minmay_the_grid_triangle_9x9_negative_grid,
          minmay_the_grid_triangle_9x9_cache,
          minmay_the_grid_triangle_9x9_prize_center], layout_honeycomb,
          enter_ziggurat_c, minmay_misc_feat_hallway, serial_shops,
          bzr_entry_lakeside, shop, shop, shop, grunt_pan_entry_zigzag,
          hell_entry
Depths:3: nzn_winding_woodlands_stair_trap [nzn_winding_woodlands_5x15_cabin,
          nzn_winding_woodlands_5x15_zeroes, nzn_winding_woodlands_5x15_eye,
          nzn_winding_woodlands_15x15_killbox,
          nzn_winding_woodlands_5x15_sawtooth,
          nzn_winding_woodlands_5x15_crooked,
          nzn_winding_woodlands_5x15_jagged], layout_cave_shapes, abyss_entry,
          elyvilon_altar_1, rand_demon_pan_entry_8, pf_hell_entry_great_geh,
          special_room [special_room_jelly]
Depths:4: evilmike_zot_entry_castle, layout_cave_shapes, good_gods_mini_temple,
          hell_entry, abyss_entry, abandoned_shop, grunt_dithmenos_smoke
Zot:1:    lemuel_acid_trip, layout_concentric_octagons,
          regret_index_zotdec_slimy_original, st_stairs_9
Zot:2:    layout_gridlike, regret_index_zotdec_barnacled_simple
Zot:3:    kennysheep_oblong_rooms, layout_gridlike,
          regret_index_zotdec_silver_v_v_orig_slice
Zot:4:    gammafunk_dig_for_victory, layout_onion,
          regret_index_zotdec_serpentine_scales, ebering_ghost_inner_flame,
          uniq_tiamat
Zot:5:    layout_cathedral_of_symmetry

Skill      XL: |  1  2  3  4  5  6  7  8  9 10 11 12 13 14 15 16 17 18 19 20 21 22 23 24 25 26 27 |
---------------+----------------------------------------------------------------------------------+-----
Fighting       | 3 4 5 6 7 8 10 12 15 18 19 20 21 22 | 22.0
Dodging        | 3 4 5 6 8 10 12 | 12.0
Stealth        | 1 2 |  2.0
Axes           | 4 5 6 7 10 11 12 13 14 15 18 21 22 | 22.0
Throwing       | 5 6 8 10 15 17 19 20 22 | 22.0
Invocations    | 2 5 8 9 11 12 14 19 22 | 22.0
Armour         | 2 6 7 8 10 12 13 14 15 17 18 21 | 21.2
Evocations     | 2 6 8 |  8.0
Shields        | 7 13 15 17 18 21 | 21.2

Action                     |  1- 3 |  4- 6 |  7- 9 | 10-12 | 13-15 | 16-18 | 19-21 | 22-24 | 25-27 || total
---------------------------+-------+-------+-------+-------+-------+-------+-------+-------+-------++-------
  Melee: War axe           |    76 |   145 |   254 |   195 |       |       |       |       |       ||   670
         Headbutt          |    14 |    15 |    30 |    66 |   174 |   146 |   201 |   189 |   509 ||  1344
         Punch             |     3 |     4 |     9 |    24 |    65 |    79 |   119 |       |       ||   303
         Unarmed           |       |     5 |       |       |       |       |       |       |       ||     5
         Broad axe         |       |       |       |   145 |   740 |   730 |   815 |   712 |  1599 ||  4741
         Demon trident     |       |       |       |       |    17 |       |       |       |       ||    17
  Throw: Boomerang         |     6 |    15 |    41 |    38 |   203 |   182 |    50 |   203 |   147 ||   885
         Large rock        |     1 |     2 |     1 |    10 |     5 |    87 |   124 |   116 |    23 ||   369
         Stone             |       |     4 |    32 |    46 |       |       |       |       |       ||    82
         Dart              |       |       |    34 |    95 |    23 |    23 |     2 |     7 |     1 ||   185
         Throwing net      |       |       |     2 |       |       |       |     1 |       |     3 ||     6
         Javelin           |       |       |       |       |    10 |    15 |    26 |    22 |    22 ||    95
 Invoke: Heroism           |       |       |     2 |       |     4 |    10 |     5 |     7 |    18 ||    46
         Receive Weapon    |       |       |       |     1 |       |       |       |       |       ||     1
         Receive Armour    |       |       |       |     1 |       |       |       |       |       ||     1
         Finesse           |       |       |       |       |     3 |     5 |     1 |     7 |    14 ||    30
  Evoke: Wand              |       |       |     5 |     3 |       |     2 |       |       |     9 ||    19
    Use: Potion            |       |       |     3 |       |       |     1 |       |     5 |    12 ||    21
         Scroll            |       |       |     1 |     6 |     8 |    17 |    16 |     5 |    20 ||    73
   Stab: Sleeping          |       |     2 |       |     2 |       |       |       |       |       ||     4
         Held in net/web   |       |       |     1 |       |       |       |       |       |     1 ||     2
         Invisible         |       |       |       |       |       |       |       |     3 |    26 ||    29
         Distracted        |       |       |       |       |       |       |       |     1 |     1 ||     2
 Armour: Robe              |    38 |    75 |   148 |   135 |       |       |       |       |       ||   396
         Skin              |       |     1 |     9 |       |       |       |       |       |       ||    10
         Storm dragon scal |       |       |       |    24 |       |       |       |       |       ||    24
         Gold dragon scale |       |       |       |   135 |   751 |  1108 |   882 |   608 |  1319 ||  4803
  Dodge: Dodged            |    30 |    56 |    71 |   141 |   177 |   285 |   214 |   152 |   328 ||  1454
  Block: Other             |    12 |    26 |    31 |    78 |   121 |   172 |   127 |     1 |       ||   568
         Reflection        |       |     1 |     3 |     6 |    12 |    11 |    37 |    35 |    16 ||   121
         Kite shield       |       |       |       |       |       |       |    46 |   246 |       ||   292
         Tower shield      |       |       |       |       |       |       |       |   588 |  2245 ||  2833

Table legend: (Time is in decaauts)
 A = Elapsed time spent in this place.
 B = Non-inter-level travel time spent in this place.
 C = Inter-level travel time spent in this place.
 D = Time resting spent in this place.
 E = Time spent auto-exploring this place.
 F = Levels seen in this place.
 G = Mean time per level.
                   A        B        C        D        E       F      G
               +--------+--------+--------+--------+--------+-----+--------+
         Total |  71662 |  64671 |   6991 |   6303 |  40939 |  64 | 1119.7 |
       Dungeon |  20859 |  17997 |   2862 |   2315 |  10719 |  15 | 1390.6 |
        Temple |     27 |     15 |     12 |      0 |      0 |   1 |   27.0 |
          Lair |   7634 |   6832 |    802 |    409 |   5049 |   5 | 1526.8 |
        Shoals |   4655 |   4252 |    403 |    512 |   2788 |   4 | 1163.8 |
   Spider Nest |   6558 |   6289 |    269 |    693 |   4184 |   4 | 1639.5 |
    Slime Pits |    439 |    366 |     73 |      0 |      0 |   5 |   87.8 |
  Orcish Mines |   1528 |   1256 |    272 |      0 |    746 |   2 |  764.0 |
   Elven Halls |   4464 |   4270 |    194 |   1045 |   2342 |   3 | 1488.0 |
        Vaults |   8313 |   7688 |    625 |    777 |   4778 |   5 | 1662.6 |
         Crypt |   3356 |   3222 |    134 |    174 |   2231 |   3 | 1118.7 |
        Depths |   6091 |   5058 |   1033 |     15 |   3664 |   4 | 1522.8 |
           Zot |   5588 |   5279 |    309 |    241 |   3490 |   5 | 1117.6 |
         Abyss |    511 |    511 |      0 |      0 |      0 |   3 |  170.3 |
        Bazaar |    386 |    386 |      0 |      0 |    235 |   3 |  128.7 |
      Ice Cave |    862 |    862 |      0 |    118 |    431 |   1 |  862.0 |
       Volcano |    386 |    386 |      0 |      0 |    280 |   1 |  386.0 |
               +--------+--------+--------+--------+--------+-----+--------+

Top non-repeatable levels by time:
   Elf:3: 2190 daAuts
    D:13: 2032 daAuts
  Lair:2: 1989 daAuts
     D:7: 1910 daAuts
Spider:1: 1852 daAuts
Spider:4: 1845 daAuts
Vaults:5: 1839 daAuts
Depths:2: 1837 daAuts
    D:11: 1774 daAuts
Vaults:2: 1752 daAuts
     D:6: 1751 daAuts
     D:5: 1726 daAuts
  Lair:5: 1707 daAuts
Spider:2: 1680 daAuts
Vaults:1: 1634 daAuts
